 Dungeon Crawl Stone Soup version 0.17-a0-2109-g117576f (webtiles) character file.

89755 hexophile the Brawler (level 15, -2/247 HPs)
             Began as a Troll Fighter on Oct 18, 2015.
             Was the Champion of Yredelemnul.
             Slain by a vampire mage (8 damage)
             ... on level 15 of the Dungeon on Oct 19, 2015.
             The game lasted 01:17:37 (23884 turns).

hexophile the Brawler (Troll Fighter)              Turns: 23884, Time: 01:17:37

Health: -2/247     AC:  3    Str: 33    XL:     15   Next: 50%
Magic:  18/18      EV:  9    Int:  4    God:    Yredelemnul [******]
Gold:   2281       SH: 23    Dex: 14    Spells: 1 memorised, 11 levels left

rFire  . . .     SeeInvis .       - Unarmed
rCold  + + .     Clarity  .     Z - +1 robe {MR+} {MR+}
rNeg   . . .     SustAt   .     i - +3 large shield {AC+3} {AC+3}
rPois  .         Gourm    +     G - +2 hat
rElec  +         Spirit   .     Y - +2 cloak {+Inv}
rCorr  .         Warding  .     (gloves unavailable)
rMut   .         Stasis   .     (boots unavailable)
MR     ++...                    u - amulet of regeneration {+Regen}
Stlth  ..........               m - ring of Qimad {Wiz rElec rC++}
                                U - +4 ring of protection

@: berserking, corroded equipment, very quick, very resistant to hostile
enchantments, extremely unstealthy
A: unfitting armour, claws 3, icy blue scales 1, fast metabolism 3, gourmand,
mutation resistance 1, regeneration 2, shaggy fur 1, tough skin 2
a: Recall Undead Slaves, Injury Mirror, Animate Dead, Drain Life, Enslave Soul,
Renounce Religion, Evoke Invisibility


You were on level 15 of the Dungeon.
You worshipped Yredelemnul.
Yredelemnul was exalted by your worship.
You were not hungry.

You visited 6 branches of the dungeon, and saw 30 of its levels.
You also visited: Labyrinth, Ice Cave and Volcano.

You collected 2947 gold pieces.
You spent 666 gold pieces at shops.


Innate Abilities, Weirdness & Mutations

You are too large for most types of armour.
You have claws for hands.
Your metabolism is lightning-fast.
You like to eat raw meat.
You heal very quickly.
You are covered in fur (AC +1).
You have very tough skin (AC +2).
You are partially covered in icy blue scales (AC +1).
You are somewhat resistant to further mutation.

Inventory:

Hand Weapons
 Q - the +2 blowgun "Ekammu" {evade, +Blink rF- MR++ Stlth+}
   (You bought it in a shop on level 4 of the Orcish Mines)

   It affects your evasion (+5 to EV).
   It makes you vulnerable to fire.
   It affects your resistance to hostile enchantments.
   It lets you blink.
   It makes you more stealthy.
Missiles
 p - 16 large rocks (quivered)
Armour
 i - a +3 large shield of protection (worn) {AC+3}
 G - a +2 hat (worn)
 K - the +0 robe of the Ten Runes {rN+ Int+2}
   (You found it in a labyrinth)

   It affects your intelligence (+2).
   It protects you from negative energy.
 Y - a +2 cloak of invisibility (worn)
 Z - a +1 robe of magic resistance (worn) {MR+}
Jewellery
 e - the ring "Sapudav" {rN+ MR+}
   (You found it in an ice cave)

   [ring of positive energy]

   It protects you from negative energy.
   It affects your resistance to hostile enchantments.
 m - the ring of Qimad (right claw) {Wiz rElec rC++}
   (You found it in an ice cave)

   [ring of wizardry]

   It improves your spell success rate.
   It greatly protects you from cold.
   It insulates you from electricity.
 o - an uncursed amulet of resist corrosion {rCorr}
 u - an amulet of regeneration (around neck) {+Regen}
 v - an uncursed ring of sustain attributes
 x - an uncursed ring of flight {+Fly}
 I - an uncursed ring of invisibility {+Inv}
 U - a +4 ring of protection (left claw)
 W - an uncursed ring of see invisible {SInv}
Wands
 c - a wand of disintegration (10)
 r - a wand of enslavement (19)
 s - a wand of draining (7)
 t - a wand of draining (7)
 A - a wand of fire (0)
 F - a wand of cold (2)
 H - a wand of invisibility (0) {!V}
 S - a wand of lightning (8)
 X - a wand of fireball (3)
Scrolls
 g - 4 scrolls of enchant weapon
 h - 10 scrolls of identify
 j - 5 scrolls of amnesia
 k - 3 scrolls of magic mapping
 w - 3 scrolls of teleportation
 C - a scroll of immolation
 D - 9 scrolls of remove curse
 O - 2 scrolls of blinking
 P - a scroll of fog
 T - a scroll of fear
Potions
 b - 4 potions of lignification
 f - 5 potions of curing
 l - 4 potions of ambrosia
 z - 2 potions of haste
 B - 2 potions of agility
 J - a potion of brilliance
 L - a potion of invisibility
 M - 5 potions of berserk rage
 N - 2 potions of might
Miscellaneous
 n - a phial of floods
 q - a stone of tremors
 y - a lamp of fire (inert)
 E - a lantern of shadows
Comestibles
 d - 8 bread rations
 R - 4 meat rations


You had 11 spell levels left.
You knew the following spells:

 Your Spells              Type           Power        Failure   Level  Hunger
a - Regeneration          Chrm/Necr      #.........   97%         3    ####...


   Skills:
 + Level 14.8 Fighting
 - Level 2.4 Dodging
 + Level 11.0 Shields
 - Level 15.7 Unarmed Combat
 - Level 6.3 Invocations

Dungeon Overview and Level Annotations

Branches:
Dungeon (15/15)            Temple (1/1) D:4            Lair (8/8) D:11
  Swamp (0/4) Lair:6       Spider (1/4) Lair:5        Slime (0/6) Lair:6
    Orc (4/4) D:10         Vaults (0/5) D:13         Depths (1/5) D:15
    Elf: Orc:3-4

Altars:
Ashenzari
Cheibriados
Dithmenos
Elyvilon
Fedhas
Gozag
Makhleb
Nemelex Xobeh
Okawaru
Qazlal
Ru
Sif Muna
Trog
Vehumet
Xom
Yredelemnul
Zin
The Shining One
Beogh
Jiyva

Shops:
D:6 [   D:8 (   D:11 (   Orc:2 =   Orc:4 *[:(*

Portals:
Trove: D:13 (give +4 demon whip)

Vault maps used:
D:1:      erik_arrival_cave_to_civilisation
D:2:      uniq_terence, uniq_iyjb
D:3:      kiku_gazebo_pond_becter, first_bread
D:4:      cheibriados_altar_1, minmay_temple_entry_grid
D:5:      uniq_prince_ribbit1, uniq_pikel, uniq_menkaure
D:6:      serial_shops, nicolae_shop_overgrown_old_shop, lemuel_tele_altar
D:7:      hangedman_cross_stitches
D:8:      led_sif_pool, minitemple, serial_shops,
          nicolae_shop_overgrown_old_shop, uniq_grum, uniq_erolcha
D:9:      gammafunk_temple_overflow_statue
D:10:     david_orc_5, eino_jars
D:11:     david_lair_generic, serial_shops, shop
D:12:     lab_entry_generic
D:13:     lightli_vaults_fourway_checkpoint, enter_trove_1,
          portal_ice_cave_entry_pillars_01, hangedman_pestilent_swarm,
          minmay_three_doors
D:14:     lemuel_statue_altar
D:15:     hangedman_depths_entry_try_elsewhere_first, nicolae_two_hexagons,
          roderic_serpentine_path
Temple:   circular_temple_12
Lair:1:   statuecave_lemuel, infiniplex_staircase_pool_2
Lair:2:   eino_house_with_fridge, serial_bayou_shore_a
Lair:3:   serial_bayou_shore_b
Lair:4:   hangedman_lair_unloving_vines, grunt_megastairs_4
Lair:5:   nicolae_spider_entry_orb_guardian, serial_bayou_pond_e,
          bobbens_dragon_lair_wall, bh_autumn_forest_stairs
Lair:6:   nicolae_swamp_entry_splash_gauntlet, slime_altar_1
Lair:7:   uniq_snorg
Lair:8:   minmay_lair_end_enchanted_forest, grunt_forest_large_clearing_hut
Spider:1: spider_trap
Orc:1:    lightli_volcano_entry_magma_tube
Orc:2:    basic_altar, serial_shops, nicolae_shop_waterfront, uniq_fannar
Orc:3:    nicolae_orc_pool_cavern, uniq_rupert, uniq_maurice
Orc:4:    st_orc_congregation, serial_shops, nicolae_shop_stone
Depths:1: serial_shops, kennysheep_little_box, serial_sigils,
          serial_sigils_hangedman_snap, serial_sigils_hangedman_snap,
          serial_sigils_hangedman_gnaw, serial_sigils_hangedman_quiver,
          serial_sigils_hangedman_clutch, serial_sigils_hangedman_etch,
          hell_entry, minmay_room_of_horrors, minmay_evil_grid
Lab:      labyrinth_watery, nicolae_lab_very_dead_end, lab_statue,
          nicolae_lab_grate
IceCv:    ice_cave_small_dragons
Volcano:  volcano_pools
You       could see an entropy weaver and a friendly very ugly thing zombie.


Message History

The jiangshi is destroyed!
You now have 25/247 hp.
Unknown command.
You closely miss something. You block its attack. Something bites you!
* * * LOW HITPOINT WARNING * * *
Something draws strength from your injuries!
You take 8 damage, and have 17/247 hp.
You barely miss something. You miss something.
Your very ugly thing zombie hits something!
The entropy weaver hits your very ugly thing zombie!
The entropy weaver hits your very ugly thing zombie.
The entropy weaver hits your very ugly thing zombie!
The entropy weaver hits your very ugly thing zombie.
Something hits you.
* * * LOW HITPOINT WARNING * * *
You block its attack.
You take 1 damage, and have 17/247 hp.
You barely miss something.
Unknown command.
You scratch something.
Your very ugly thing zombie barely misses the entropy weaver.
Unknown command.
You completely miss something. Something hits you.
* * * LOW HITPOINT WARNING * * *
Something bites you!
* * * LOW HITPOINT WARNING * * *
Something draws strength from your injuries!
The entropy weaver hits your very ugly thing zombie.
The entropy weaver barely misses your very ugly thing zombie.
The entropy weaver hits your very ugly thing zombie!
The entropy weaver hits your very ugly thing zombie but does no damage.
You take 10 damage, and have 8/247 hp.
You barely miss something.
Unknown command.
You closely miss something.
The entropy weaver hits your very ugly thing zombie.
The entropy weaver hits your very ugly thing zombie! x3
Something hits you.
* * * LOW HITPOINT WARNING * * *
Something completely misses you.
Your very ugly thing zombie hits the entropy weaver!
You take 4 damage, and have 5/247 hp.
You completely miss something.
The entropy weaver hits your very ugly thing zombie. x2
The entropy weaver hits your very ugly thing zombie but does no damage.
The entropy weaver hits your very ugly thing zombie.
Something hits you!
You die...
Your body rises from the dead as a mindless zombie.

Action                   |  1- 3 |  4- 6 |  7- 9 | 10-12 | 13-15 || total
-------------------------+-------+-------+-------+-------+-------++-------
Melee: Unarmed           |    76 |   127 |   176 |   749 |  1275 ||  2403
Invok: Animate Remains   |       |       |       |     3 |    10 ||    13
       Animate Dead      |       |       |       |    11 |    94 ||   105
       Injury Mirror     |       |       |       |     1 |     3 ||     4
       Recall Undead Sla |       |       |       |     1 |    12 ||    13
       Drain Life        |       |       |       |       |     2 ||     2
 Abil: Evoke Invisibilit |       |       |       |     1 |       ||     1
Evoke: Wand              |       |       |     2 |    31 |    16 ||    49
       Lamp of fire      |       |       |       |       |     1 ||     1
  Use: Potion            |       |       |     8 |     9 |     9 ||    26
       Scroll            |       |       |       |    19 |    11 ||    30
 Stab: Paralysed         |       |       |     5 |     7 |       ||    12
       Sleeping          |       |       |       |     1 |     3 ||     4
       Distracted        |       |       |       |     2 |    15 ||    17
       Invisible         |       |       |       |     1 |       ||     1
       Confused          |       |       |       |       |     2 ||     2
  Eat: Chunk             |     8 |     7 |     9 |    70 |    87 ||   181
       Bread ration      |       |       |     1 |     3 |     2 ||     6
       Meat ration       |       |       |     1 |     1 |     2 ||     4
       Fruit             |       |       |       |     5 |       ||     5
       Royal jelly       |       |       |       |     1 |     2 ||     3
       Pizza             |       |       |       |     1 |     2 ||     3
       Beef jerky        |       |       |       |       |     2 ||     2

Notes
Turn   | Place    | Note
--------------------------------------------------------------
     0 | D:1      | hexophile the Troll Fighter began the quest for the Orb.
     0 | D:1      | Reached XP level 1. HP: 22/22 MP: 0/0
    95 | D:1      | Reached XP level 2. HP: 29/29 MP: 1/1
   125 | D:1      | Found a roughly hewn altar of Beogh.
   126 | D:1      | Noticed an orc warrior
   221 | D:1      | Reached skill level 3 in Unarmed Combat
   325 | D:1      | Reached XP level 3. HP: 36/36 MP: 2/2
   677 | D:2      | Noticed Ijyb
   683 | D:2      | Killed Ijyb
   683 | D:2      | Reached skill level 4 in Unarmed Combat
   743 | D:2      | Reached XP level 4. HP: 44/44 MP: 3/3
   896 | D:2      | Noticed Terence
   934 | D:2      | Killed Terence
  1280 | D:3      | Reached XP level 5. HP: 47/52 MP: 4/4
  1383 | D:3      | Reached skill level 3 in Fighting
  1394 | D:3      | You fall through a shaft for 2 floors!
  1394 | D:5      | Entered Level 5 of the Dungeon
  1431 | D:5      | Reached skill level 5 in Unarmed Combat
  1489 | D:5      | Noticed Prince Ribbit
  1530 | D:5      | Killed Prince Ribbit
  1530 | D:5      | Reached skill level 6 in Unarmed Combat
  1530 | D:5      | Reached XP level 6. HP: 23/61 MP: 5/5
  1677 | D:5      | Noticed Menkaure
  1682 | D:5      | Killed Menkaure
  1682 | D:5      | Reached XP level 7. HP: 61/68 MP: 6/6
  1684 | D:5      | Noticed a centaur
  1691 | D:5      | Killed a centaur
  1691 | D:5      | Reached skill level 4 in Fighting
  1691 | D:5      | Reached skill level 7 in Unarmed Combat
  1721 | D:5      | Noticed Pikel
  1722 | D:5      | Noticed a slave
  1722 | D:5      | Noticed a slave
  1723 | D:5      | Noticed a slave
  1723 | D:5      | Noticed a slave
  1729 | D:5      | Killed Pikel
  1729 | D:5      | Reached skill level 8 in Unarmed Combat
  1729 | D:5      | Reached XP level 8. HP: 74/79 MP: 7/7
  1942 | D:6      | Found Diebrama's Antique Armour Shoppe.
  2119 | D:6      | Got a faintly humming robe
  2151 | D:6      | Identified the +1 robe of Analysis {Int+6 Slay-4} (You found it on level 6 of the Dungeon)
  2249 | D:6      | Found a shadowy altar of Dithmenos.
  2504 | D:7      | Reached skill level 5 in Fighting
  2619 | D:7      | Noticed a skeletal warrior
  2622 | D:7      | Reached skill level 9 in Unarmed Combat
  2890 | D:7      | Reached skill level 10 in Unarmed Combat
  2913 | D:7      | Reached XP level 9. HP: 89/89 MP: 8/8
  2975 | D:7      | Reached skill level 6 in Fighting
  3029 | D:7      | Killed a skeletal warrior
  3144 | D:7      | Reached skill level 11 in Unarmed Combat
  3206 | D:7      | Got a crystal long sword
  3221 | D:7      | Identified the +9 long sword of Amorality {freeze, rC- Int+7 Stlth+} (You found it on level 7 of the Dungeon)
  3563 | D:8      | Found Kayprocapn's Antique Weapon Shoppe.
  3572 | D:8      | Noticed Erolcha
  3588 | D:8      | Killed Erolcha
  3588 | D:8      | Reached skill level 7 in Fighting
  3600 | D:8      | Found a shimmering altar of Xom.
  3609 | D:8      | Found a stormy altar of Qazlal.
  3711 | D:8      | Noticed Grum
  3719 | D:8      | Killed Grum
  3719 | D:8      | Reached XP level 10. HP: 59/102 MP: 9/9
  3729 | D:8      | Reached skill level 12 in Unarmed Combat
  4259 | D:8      | Found a deep blue altar of Sif Muna.
  4399 | D:9      | Gained mutation: You are somewhat resistant to further mutation. [mutagenic meat]
  4402 | D:9      | Gained mutation: You are partially covered in icy blue scales (AC +1). [mutagenic meat]
  4847 | D:4      | Found a snail-covered altar of Cheibriados.
  5067 | D:4      | Found a staircase to the Ecumenical Temple.
  5082 | Temple   | Entered the Ecumenical Temple
  5137 | Temple   | Became a worshipper of Yredelemnul the Dark
  6138 | D:9      | Reached skill level 13 in Unarmed Combat
  6211 | D:9      | Reached skill level 8 in Fighting
  6306 | D:9      | Found an iron altar of Okawaru.
  6307 | D:9      | Found a glowing golden altar of the Shining One.
  6436 | D:10     | Entered Level 10 of the Dungeon
  6436 | D:10     | Noticed a hill giant
  6451 | D:9      | Killed a hill giant
  6552 | D:10     | Reached * piety under Yredelemnul
  6697 | D:10     | Noticed a hill giant
  6718 | D:10     | Killed a hill giant
  6718 | D:10     | Reached XP level 11. HP: 84/113 MP: 10/10
  6782 | D:10     | Noticed a hill giant
  6791 | D:10     | Killed a hill giant
  6921 | D:10     | Found a roughly hewn altar of Beogh.
  6921 | D:10     | Found a staircase to the Orcish Mines.
  6945 | D:10     | Reached skill level 14 in Unarmed Combat
  6950 | D:10     | Reached ** piety under Yredelemnul
  7774 | D:12     | Found a labyrinth entrance.
  7778 | Lab      | Entered a labyrinth
  9628 | Lab      | Noticed a minotaur
  9647 | Lab      | Killed a minotaur
  9647 | Lab      | Reached skill level 9 in Fighting
  9747 | Lab      | Got a thick robe
  9759 | Lab      | Identified the cursed +0 robe of the Ten Runes {rN+ Int+2} (You found it in a labyrinth)
  9784 | D:12     | HP: 4/115 [slime creature (13)]
  9795 | D:13     | HP: 1/115 [slime creature (7)]
  9919 | D:13     | Noticed a hill giant
  9930 | D:13     | Killed a hill giant
  9984 | D:13     | Found a frozen archway.
  9990 | IceCv    | Entered an ice cave
 10102 | IceCv    | Noticed an ice statue
 10118 | IceCv    | Noticed an ice statue
 10236 | IceCv    | Reached skill level 15 in Unarmed Combat
 10239 | IceCv    | Reached *** piety under Yredelemnul
 10260 | IceCv    | Noticed an ice dragon
 10260 | IceCv    | Noticed an ice dragon
 10284 | IceCv    | Got a smoking steel ring
 10286 | IceCv    | Got a faintly glowing turquoise ring
 10308 | D:13     | Identified the ring "Sapudav" {rN+ MR+} (You found it in an ice cave)
 10310 | D:13     | Identified the ring of Qimad {Wiz rElec rC++} (You found it in an ice cave)
 10451 | D:13     | Found a gate to the Vaults.
 10451 | D:13     | Noticed a vault guard
 10451 | D:13     | Noticed a vault guard
 10451 | D:13     | Noticed a vault guard
 10452 | D:13     | Noticed a vault guard
 10452 | D:13     | Noticed a centaur warrior
 10831 | D:14     | Killed an unseen horror
 11049 | D:14     | Noticed a hill giant
 11049 | D:14     | Noticed a centaur warrior
 11071 | D:14     | Killed a centaur warrior
 11071 | D:14     | Reached XP level 12. HP: 100/126 MP: 11/11
 11076 | D:14     | Killed a hill giant
 11187 | D:14     | Received a gift from Yredelemnul
 11230 | D:14     | Noticed a hill giant
 11236 | D:14     | Reached skill level 1 in Invocations
 11243 | D:14     | Killed a hill giant
 11243 | D:14     | Reached skill level 10 in Fighting
 11334 | D:14     | Reached skill level 2 in Invocations
 11383 | D:14     | Killed an unseen horror
 11616 | D:14     | Reached skill level 3 in Invocations
 11655 | D:14     | Upgraded the game from 0.17-a0-2101-g0c122e7 to 0.17-a0-2109-g117576f
 11682 | D:15     | Entered Level 15 of the Dungeon
 11783 | D:15     | Noticed a centaur warrior
 11792 | D:15     | Killed a centaur warrior
 12014 | D:15     | Reached skill level 4 in Invocations
 12052 | D:15     | Noticed a centaur warrior
 12062 | D:15     | Noticed a centaur warrior
 12065 | D:15     | Killed a centaur warrior
 12073 | D:15     | Killed a centaur warrior
 12293 | D:15     | Noticed a centaur warrior
 12298 | D:15     | Killed a centaur warrior
 12298 | D:15     | Reached skill level 5 in Invocations
 12433 | D:15     | Reached skill level 11 in Fighting
 12435 | D:15     | Found a staircase to the Depths.
 12435 | D:15     | Noticed a dire elephant
 12444 | D:15     | Killed a dire elephant
 12620 | D:15     | Reached skill level 6 in Invocations
 12764 | D:13     | Found a portal to a secret trove of treasure.
 12774 | D:14     | Received a gift from Yredelemnul
 12795 | D:13     | Killed a centaur warrior
 12903 | D:13     | Reached XP level 13. HP: 64/137 MP: 13/16
 13000 | D:13     | Killed an unseen horror
 13000 | D:13     | Reached skill level 3 in Shields
 13169 | D:13     | Killed a vault guard
 13205 | D:13     | Killed a vault guard
 13282 | D:13     | Killed a vault guard
 13282 | D:13     | Reached skill level 4 in Shields
 13754 | D:11     | Killed an unseen horror
 13864 | D:11     | Noticed a hill giant
 13870 | D:11     | Killed a hill giant
 13885 | D:11     | Found Loemepno's Antique Weapon Boutique.
 13891 | D:11     | Bought an ancient scythe for 168 gold pieces
 13891 | D:11     | Identified the +1 scythe of Invincibility {slice, *Contam +Inv MP+9 SInv} (You bought it in a shop on level 11 of the Dungeon)
 13894 | D:11     | Found a staircase to the Lair.
 13916 | D:11     | Reached skill level 12 in Fighting
 13916 | D:11     | Reached skill level 5 in Shields
 13932 | D:11     | Killed an unseen horror
 14251 | Lair:1   | Entered Level 1 of the Lair of Beasts
 14595 | Lair:1   | Learned a level 3 spell: Regeneration
 14948 | Lair:2   | Reached skill level 6 in Shields
 15587 | Lair:3   | Reached **** piety under Yredelemnul
 15675 | Lair:3   | Reached skill level 7 in Shields
 15675 | Lair:3   | Reached XP level 14. HP: 135/150 MP: 17/17
 16395 | Lair:4   | Received a gift from Yredelemnul
 16557 | Lair:4   | Reached skill level 13 in Fighting
 16934 | Lair:5   | Received a gift from Yredelemnul
 17103 | Lair:5   | Found a hole to the Spider Nest.
 17538 | Lair:6   | Received a gift from Yredelemnul
 17750 | Lair:6   | Found a viscous altar of Jiyva.
 17750 | Lair:6   | Found a staircase to the Slime Pits.
 17761 | Lair:6   | Reached skill level 8 in Shields
 17766 | Lair:6   | Reached ***** piety under Yredelemnul
 18715 | Lair:7   | Noticed Snorg
 18730 | Lair:7   | Killed Snorg
 18819 | Lair:8   | Entered Level 8 of the Lair of Beasts
 18998 | Lair:8   | Received a gift from Yredelemnul
 19063 | Lair:8   | Reached skill level 9 in Shields
 19261 | Lair:8   | Reached skill level 14 in Fighting
 19309 | Lair:8   | Received a gift from Yredelemnul
 19589 | Lair:8   | Reached ****** piety under Yredelemnul
 20370 | Orc:1    | Entered Level 1 of the Orcish Mines
 20438 | Orc:1    | Received a gift from Yredelemnul
 20557 | Orc:1    | Found a dark tunnel.
 20566 | Volcano  | Entered a volcano
 20657 | Volcano  | Reached XP level 15. HP: 160/163 MP: 18/18
 20694 | Volcano  | Reached skill level 10 in Shields
 20923 | Orc:2    | Noticed Fannar
 20935 | Orc:2    | Killed Fannar
 21099 | Orc:2    | Found Uxia's Jewellery Boutique.
 21180 | Orc:2    | Found a roughly hewn altar of Beogh.
 21189 | Orc:2    | Received a gift from Yredelemnul
 21285 | Orc:3    | Noticed Maurice
 21293 | Orc:3    | Killed Maurice
 21421 | Orc:4    | Entered Level 4 of the Orcish Mines
 21424 | Orc:4    | Found Piddosae's Assorted Antiques.
 21442 | Orc:4    | Bought a scroll labeled KILILE OPNUZIA for 18 gold pieces
 21443 | Orc:4    | Bought a scroll of identify for 36 gold pieces
 21443 | Orc:4    | Bought a scroll of teleportation for 54 gold pieces
 21443 | Orc:4    | Bought a potion of heal wounds for 90 gold pieces
 21443 | Orc:4    | Bought a blackened bone amulet for 90 gold pieces
 21556 | Orc:4    | Received a gift from Yredelemnul
 21747 | Orc:4    | Received a gift from Yredelemnul
 21753 | Orc:4    | HP: 3/165 [orc knight/broad axe (35)]
 22052 | Orc:4    | Received a gift from Yredelemnul
 22128 | Orc:4    | Found Zobet's Antique Armour Shoppe.
 22129 | Orc:4    | Found Gaeloig's Antique Weapon Emporium.
 22131 | Orc:4    | Found Waxkih's General Store.
 22131 | Orc:4    | Found Fisumor's Book Shoppe.
 22187 | Orc:4    | Bought an encrusted blowgun for 210 gold pieces
 22187 | Orc:4    | Identified the cursed +2 blowgun "Ekammu" {evade, +Blink rF- MR++ Stlth+} (You bought it in a shop on level 4 of the Orcish Mines)
 22368 | Orc:4    | Received a gift from Yredelemnul
 22869 | Spider:1 | Entered Level 1 of the Spider Nest
 23126 | Lair:6   | Found a staircase to the Swamp.
 23503 | D:13     | Killed a vault guard
 23562 | Depths:1 | Entered Level 1 of the Depths
 23805 | Depths:1 | Reached skill level 11 in Shields
 23807 | Depths:1 | Received a gift from Yredelemnul
 23881 | D:15     | HP: 8/247 [something (10)]
 23884 | D:15     | Slain by a vampire mage

Table legend:
 A = Turns spent in this place as a percentage of turns spent in the entire game.
 B = Non-inter-level travel turns spent in this place as a percentage of non-inter-level travel turns spent in the entire game.
 C = Inter-level travel turns spent in this place as a percentage of turns spent in this place.
 D = Turns resting spent in this place as a percentage of non-inter-level travel turns spent in this place.
 E = Turns spent auto-exploring this place as a percentage of non-inter-level travel turns spent in this place.
 F = Non-inter-level travel turns spent in this place divided by the number of levels of this place that you've seen.
                   A       B       C       D       E      F
               +-------+-------+-------+-------+-------+----------------------
         Total | 100.0 | 100.0 |   0.5 |   1.2 |   7.1 | 375.2
       Dungeon |  44.6 |  44.6 |   0.5 |   2.1 |   6.5 | 367.9
        Temple |   0.5 |   0.5 |   0.0 |   0.0 |   0.0 |  64.0
          Lair |  23.2 |  23.1 |   1.1 |   0.6 |  12.2 | 357.5
   Spider Nest |   0.0 |   0.0 |   0.0 |   0.0 |   0.0 |   1.0
  Orcish Mines |  11.7 |  11.7 |   0.3 |   1.1 |  12.1 | 361.5
        Depths |   0.3 |   0.3 |   0.0 |   0.0 |   0.0 |  32.0
     Labyrinth |  15.9 |  16.0 |   0.0 |   0.1 |   0.0 | 1984.0
      Ice Cave |   2.6 |   2.6 |   0.0 |   0.0 |   0.0 | 323.0
       Volcano |   1.2 |   1.2 |   0.0 |   0.0 |   0.0 | 152.0
               +-------+-------+-------+-------+-------+----------------------

Table legend:
 A = Kills in this place as a percentage of kills in entire the game.
 B = Kills by you in this place as a percentage of kills by you in the entire game.
 C = Kills by friends in this place as a percentage of kills by friends in the entire game.
 D = Other kills in this place as a percentage of other kills in the entire game.
 E = Experience gained in this place as a percentage of experience gained in the entire game.
 F = Experience gained in this place divided by the number of levels of this place that you have seen.
                   A       B       C       D       E      F
               +-------+-------+-------+-------+-------+----------------------
         Total | 100.0 | 100.0 | 100.0 | 100.0 | 100.0 | 3885.5
       Dungeon |  42.7 |  48.5 |  19.5 |   0.0 |  42.9 | 3664.7
          Lair |  31.3 |  31.4 |  31.0 |   0.0 |  40.2 | 6435.9
  Orcish Mines |  22.9 |  16.3 |  49.4 | 100.0 |  11.6 | 3704.0
        Depths |   0.3 |   0.4 |   0.0 |   0.0 |   1.3 | 1635.0
     Labyrinth |   0.3 |   0.4 |   0.0 |   0.0 |   1.3 | 1727.0
      Ice Cave |   1.6 |   2.0 |   0.0 |   0.0 |   1.3 | 1722.0
       Volcano |   0.8 |   1.0 |   0.0 |   0.0 |   1.5 | 1865.0
               +-------+-------+-------+-------+-------+----------------------

Vanquished Creatures
  An orc warlord (Orc:4)
  A very ugly thing (D:15)
  Snorg (Lair:7)
  3 vault guards (D:13)
  A minotaur (Lab)
  Fannar (Orc:2)
  An ice dragon (Depths:1)
  A jiangshi (D:15)
  3 hydras
  Erolcha (D:8)
  7 centaur warriors
  2 orc high priests (Orc:4)
  3 unseen horrors
  A skeletal warrior (D:7)
  A fire crab (Lair:8)
  7 hill giants
  2 orc knights (Orc:4)
  Pikel (D:5)
  3 griffons
  A wolf spider (D:15)
  4 orc sorcerers
  A necromancer (Lair:2)
  3 ugly things
  3 cyclopes
  A black mamba (Lair:8)
  10 spiny frogs
  A gargoyle (Lab)
  A torpor snail (Lair:5)
  An elephant (D:11)
  A fire drake (Lair:5)
  3 yaktaurs
  4 komodo dragons
  A spriggan druid (Lair:8)
  A merfolk (D:15)
  2 trolls
  11 polar bears (Lair:8)
  11 blink frogs
  8 slime creatures
  Prince Ribbit (D:5)
  A minotaur skeleton (Lab)
  A harpy skeleton (D:12)
  4 redbacks (Lair:8)
  A shadow (D:13)
  A tarantella (D:15)
  2 steam dragons
  A wyvern (D:11)
  A deep elf mage (D:14)
  10 spriggans (Lair:8)
  56 yaks
  2 hungry ghosts
  9 hippogriffs
  3 basilisks
  Grum (D:8)
  2 vampire mosquitoes (D:14)
  31 wolves
  2 wargs (Orc:4)
  Menkaure (D:5)
  5 swamp worms (Lair:6)
  18 ice beasts
  5 porcupines
  12 water moccasins
  3 black bears (Lair:8)
  2 wasps (Lair:8)
  18 orc warriors
  6 sky beasts
  A necrophage (D:7)
  3 phantoms
  4 ogres
  2 brain worms
  2 big kobolds
  26 centaurs
  A crocodile (shapeshifter) (D:14)
  17 crocodiles
  16 giant frogs
  A wyvern zombie (D:14)
  6 scorpions
  9 killer bees
  10 wights
  2 electric eels
  3 giant frog zombies
  2 crimson imps
  4 centaur zombies
  3 jellies
  25 orc wizards
  A wasp zombie (D:6)
  4 centaur skeletons
  2 giant frog skeletons
  15 orc priests
  2 quasits
  Ijyb (D:2)
  6 hounds
  6 iguanas
  Terence (D:2)
  3 yak simulacra (Lair:2)
  8 sheep
  2 wolf simulacra (Lair:2)
  7 worker ants
  3 polar bear simulacra (Lair:2)
  A hound skeleton (D:10)
  8 adders
  8 river rats
  3 gnolls (D:5)
  6 shadow imps
  An adder skeleton (D:4)
  3 worms (D:2)
  4 giant geckos
  117 orcs
  2 ball pythons (D:4)
  5 bats
  4 giant cockroaches
  5 goblins
  7 hobgoblins
  5 jackals (D:1)
  5 quokkas
  A giant cockroach zombie (D:5)
  A giant gecko skeleton (D:7)
  2 giant newts
  11 kobolds
  3 rats (D:1)
  2 river rat simulacra (Lair:2)
  3 fungi
713 creatures vanquished.

Vanquished Creatures (collateral kills)
  A very ugly thing (D:15)
  A dire elephant (D:15)
  A jiangshi (D:15)
  A vault guard (D:13)
  2 hydras
  2 orc high priests (Orc:4)
  2 unseen horrors
  A hill giant (D:14)
  An orc knight (Orc:4)
  An orb spider (Lair:5)
  An oklob plant (Lair:6)
  3 ugly things (D:15)
  3 spiny frogs
  Maurice (Orc:3)
  A fire drake (Lair:8)
  A komodo dragon (Lair:8)
  A tengu conjurer (D:13)
  A polar bear (Lair:8)
  6 blink frogs
  3 spriggans (Lair:8)
  A redback (D:15)
  19 yaks
  A deep elf mage (D:13)
  A basilisk (Lair:3)
  A warg (Orc:4)
  A swamp worm (Lair:6)
  4 wolves
  A water moccasin (Lair:8)
  A hippogriff (Lair:3)
  2 wasps
  10 orc warriors
  2 sky beasts (D:14)
  2 porcupines
  3 centaurs (D:11)
  4 ogres
  3 crocodiles
  4 giant frogs
  A scorpion (D:13)
  A crimson imp (D:14)
  13 orc wizards
  A centaur skeleton (D:11)
  6 orc priests
  A worker ant (D:13)
  A sheep (Lair:7)
  An adder (D:11)
  2 river rats
  52 orcs
  A river rat simulacrum (Lair:2)
  2 bushes (Lair:8)
  44 fungi
  21 plants
241 creatures vanquished.

Vanquished Creatures (others)
  2 skeletal warriors (Orc:4)
  A phantasmal warrior (Orc:4)
  A dire elephant zombie (D:15)
  7 centaur zombies
  A redback zombie (D:15)
  A griffon zombie (Lair:6)
  2 flying skulls
  2 ugly thing zombies (D:15)
  2 wraiths
  4 vampires
  A hill giant zombie (D:15)
  2 spiny frog zombies
  An orc warrior (Orc:4)
  7 blink frog zombies
  A fire crab zombie (Lair:8)
  A wyvern zombie (D:11)
  A water moccasin zombie (Lair:6)
  A warg zombie (Orc:4)
  3 yak zombies
  A spriggan zombie (Lair:8)
  A troll zombie (D:13)
  A tengu zombie (D:13)
  7 wolf zombies
  A basilisk zombie (Lair:3)
  A giant frog zombie (Lair:7)
  A centaur skeleton (D:15)
  3 porcupine zombies
  A black bear zombie (Lair:8)
  An ogre zombie (Orc:4)
  A brain worm zombie (Lair:6)
  2 mummies
  2 orc skeletons (Orc:4)
  2 sheep zombies (Lair:7)
  33 orc zombies
  An orc (Orc:3)
  6 river rat zombies
  5 fungi (Lair:8)
  A plant (Lair:8)
112 creatures vanquished.

Grand Total: 1066 creatures vanquished
